 Dungeon Crawl Stone Soup version 0.20.1-1-g8b1a95d (webtiles) character file.

565 Timinator the Insei (level 7, -17/51 HPs)
             Began as a Vampire Monk on Aug 30, 2017.
             Engulfed by a cloud of flame (19 damage)
             ... on level 4 of the Dungeon on Aug 31, 2017.
             The game lasted 00:49:12 (2578 turns).

Timinator the Insei (Vampire Monk)                  Turns: 2578, Time: 00:49:12

Health: -17/51     AC:  5    Str: 15    XL:     7   Next: 10%
Magic:  7/7        EV: 15    Int: 14    God:
Gold:   182        SH:  4    Dex: 17    Spells: 6/6 levels left

rFire    x . .     SeeInvis +     - Unarmed
rCold    + . .     Gourm    .   (no shield)
rNeg     . . .     Faith    .   e - +0 troll leather armour {Purgy}
rPois    .         Spirit   .   (no helmet)
rElec    .         Reflect  +   (no cloak)
rCorr    .         Harm     .   (no gloves)
MR       .....                  g - +0 pair of boots
Stlth    ++........             k - +4 amulet of reflection
Regen    0.8/turn               j - ring of ice
MPRegen  0.1/turn               (no ring)

@: mighty, regenerating quickly
A: fangs 3, see invisible, unbreathing
a: no special abilities


You were on level 4 of the Dungeon.
You were very full.

You visited 1 branch of the dungeon, and saw 4 of its levels.
You also visited: Sewer.

You collected 182 gold pieces.

Inventory:

Armour
 a - a +0 robe
 d - a +0 robe
 e - a +0 troll leather armour (worn) {Purgy}
 f - a +0 ring mail
 g - a +0 pair of boots (worn)
 i - a +0 robe
Jewellery
 j - a ring of ice (left hand)
 k - a +4 amulet of reflection (around neck)
 o - a +2 amulet of reflection
Scrolls
 n - a scroll of remove curse
Potions
 b - 17 potions of blood
 c - 2 potions of ambrosia
 l - a potion of curing
 m - a potion of agility


   Skills:
 + Level 2.9 Fighting
 * Level 2.0 Armour
 * Level 5.2 Dodging
 - Level 3.0 Stealth
 * Level 7.2 Unarmed Combat


You had 6 spell levels left.
You didn't know any spells.

Dungeon Overview and Level Annotations

Branches:
Dungeon (4/15)
 Temple: D:4-7

Altars:
Ashenzari
Zin

Shops:
D:4 =


Innate Abilities, Weirdness & Mutations

Your natural rate of healing is unusually fast.
You have razor-sharp teeth.
You have supernaturally acute eyesight. (SInv)
You can survive without breathing.


Message History

As you read the scroll labeled UREXOE COTEULEQ, it crumbles to dust.
The creatures around you are filled with an inner flame!
It was a scroll of immolation.
You punch the ogre!
The ogre is heavily wounded.
The ogre barely misses you.
You barely miss the ogre.
The ogre is heavily wounded.
You punch the ogre!
The ogre is almost dead.
The ogre misses you.
You punch the ogre!
The ogre explodes!
The fiery explosion engulfs you! The fire burns you terribly!
* * * LOW HITPOINT WARNING * * *
Your Armour skill increases to level 2!
Your Unarmed Combat skill increases to level 7!
You have reached level 7!
You are engulfed in blazing flames.
You die...

# ##.# ...######## ###
...#......# #.### .#
..........#####...##..#
.........##...#§§.....#
..##.....##....§@.....#
..##.....##...##§.#####
..............##..#
..............<.....
..##.....##..........
..#########............
..............##..##...
.....
.........%....##..# ..#
..... ..##.....##...#
.######.........


There were no monsters in sight!

Vanquished Creatures
  Purgy (Sewer)
  2 ogres (D:4)
  A howler monkey (D:4)
  A gnoll shaman (D:4)
  A centaur skeleton (D:4)
  5 gnolls (D:4)
  8 adders
  A dart slug (D:2)
  2 worms
  3 leopard geckos
  3 orcs (D:3)
  9 bats
  5 giant cockroaches
  6 goblins
  6 hobgoblins
  6 jackals
  3 kobolds
  5 ball pythons
  6 frilled lizards
  6 rats
80 creatures vanquished.

Notes
Turn   | Place    | Note
-------+----------+-------------------------------------------
     0 | D:1      | Timinator the Vampire Monk began the quest for the Orb.
     0 | D:1      | Reached XP level 1. HP: 17/17 MP: 1/1
   268 | D:1      | Reached XP level 2. HP: 23/23 MP: 2/2
   868 | D:2      | Reached XP level 3. HP: 22/28 MP: 3/3
   874 | D:2      | Reached skill level 4 in Unarmed Combat
  1010 | D:2      | Reached skill level 1 in Armour
  1019 | D:2      | Reached XP level 4. HP: 9/34 MP: 4/4
  1704 | D:3      | Found a shattered altar of Ashenzari.
  1804 | D:3      | Found a glowing drain.
  1827 | Sewer    | Entered a sewer
  1895 | Sewer    | Noticed Purgy
  1913 | Sewer    | Killed Purgy
  1913 | Sewer    | Reached skill level 5 in Unarmed Combat
  1913 | Sewer    | Reached XP level 5. HP: 18/40 MP: 5/5
  2323 | D:4      | Reached XP level 6. HP: 37/46 MP: 6/6
  2324 | D:4      | Found Kichax's Jewellery Boutique.
  2357 | D:4      | Reached skill level 5 in Dodging
  2357 | D:4      | Reached skill level 6 in Unarmed Combat
  2392 | D:4      | Found a glowing silver altar of Zin.
  2578 | D:4      | HP: 2/46 [ogre/exploding inner flame[the player character] (15)]
  2578 | D:4      | Reached skill level 7 in Unarmed Combat
  2578 | D:4      | Reached XP level 7. HP: 2/51 MP: 7/7
  2578 | D:4      | Engulfed by a cloud of flame

Skill      XL: |  1  2  3  4  5  6 |
---------------+-------------------+-----
Dodging        | 4 5 |  5.2
Unarmed Combat | 4 5 7 |  7.2
Armour         | 1 2 |  2.0
Fighting       | |  2.9
Stealth        | |  3.0

Action                   |  1- 3 |  4- 6 |  7- 9 || total
-------------------------+-------+-------+-------++-------
Melee: Unarmed           |    99 |   193 |       ||   292
       Bite              |    11 |    25 |       ||    36
       Punch             |     1 |     3 |       ||     4
  Use: Scroll            |     4 |     3 |       ||     7
       Potion            |     1 |     8 |       ||     9
 Stab: Sleeping          |     3 |     4 |       ||     7
  Eat: Corpse            |     5 |     9 |       ||    14
Armor: Robe              |     7 |    10 |       ||    17
       Ring mail         |    14 |       |       ||    14
       Troll leather arm |       |     6 |       ||     6
Dodge: Dodged            |    48 |   130 |       ||   178
Block: Other             |     8 |    40 |       ||    48
